 Dungeon Crawl Stone Soup version 0.23-a0-586-gacb4b3f4ce (webtiles) character file.

4634 Zaazir the Geomancer (level 10, -4/57 HPs)
             Began as a Gargoyle Earth Elementalist on Dec 18, 2018.
             Was a Follower of Vehumet.
             Splashed by Harold's acid (10 damage)
             ... on level 9 of the Dungeon.
             The game lasted 00:21:07 (8673 turns).

Zaazir the Geomancer (Gargoyle Earth Elementalist)  Turns: 8673, Time: 00:21:08

Health: -4/57      AC: 28    Str: 13    XL:     10   Next: 43%
Magic:  19/19      EV: 14    Int: 18    God:    Vehumet [*.....]
Gold:   476        SH:  0    Dex: 16    Spells: 13/22 levels left

rFire    . . .     SeeInvis .   r - +2 flail (protect)
rCold    . . .     Gourm    .   (no shield)
rNeg     + + +     Faith    .   k - +2 robe {rC+}
rPois    ∞         Spirit   .   D - +2 helmet
rElec    +         Reflect  .   v - +2 cloak
rCorr    .         Harm     .   A - +2 pair of gloves
MR       .....                  (no boots)
Stlth    ++........             j - amulet of regeneration
HPRegen  0.59/turn              u - ring of fire
MPRegen  0.16/turn              q - ring "Guosug" {rElec rF- rN++ Dex+6 Slay+5}

@: marked, protection aura, hasted, very quick
A: negative energy resistance 1, electricity resistance, unbreathing,
petrification resistance, rot immunity, AC +7
a: Renounce Religion


You were on level 9 of the Dungeon.
You worshipped Vehumet.
Vehumet was aware of your devotion.
You were not hungry.

You visited 2 branches of the dungeon, and saw 10 of its levels.

You collected 476 gold pieces.

Inventory:

Hand Weapons
 h - a +0 flail
 p - a +2 mace of holy wrath
 r - a +2 flail of protection (weapon)
 y - a +1 dire flail of protection
Missiles
 b - 260 stones (quivered)
Armour
 k - a +2 robe of cold resistance (worn)
 v - a +2 cloak (worn)
 A - a +2 pair of gloves (worn)
 D - a +2 helmet (worn)
Jewellery
 j - an amulet of regeneration (around neck)
 m - a +5 ring of dexterity
 q - the ring "Guosug" (right hand) {rElec rF- rN++ Dex+6 Slay+5}
   (You found it on level 6 of the Dungeon)

   [ring of dexterity]

   It affects your dexterity (+6).
   It affects your accuracy and damage with ranged weapons and melee attacks
   (+5).
   It makes you vulnerable to fire.
   It insulates you from electricity.
   It greatly protects you from negative energy.
 u - a ring of fire (left hand)
Wands
 f - a wand of iceblast (5)
 o - a wand of disintegration (2)
 C - a wand of acid (7)
Scrolls
 c - a scroll of immolation
 e - 2 scrolls of teleportation
 g - 2 scrolls of magic mapping
 x - 3 scrolls of remove curse
 E - a scroll of identify
Potions
 a - 2 potions of curing
 i - a potion of brilliance
 l - 2 potions of haste
 n - a potion of invisibility
 s - 4 potions of agility
 t - a potion of magic
 w - 2 potions of cancellation
 z - a potion of resistance
 B - a potion of flight
Comestibles
 d - 16 rations


   Skills:
 + Level 4.3 Fighting
 + Level 4.0 Maces & Flails
 + Level 4.3 Armour
 + Level 3.7 Dodging
 - Level 2.1 Stealth
 + Level 6.5 Spellcasting
 + Level 7.0 Conjurations
   Level 0.7 Transmutations
 + Level 9.0 Earth Magic
 + Level 3.5 Evocations


You had 13 spell levels left.
You knew the following spells:

 Your Spells              Type           Power        Failure   Level  Hunger
a - Sandblast             Erth           #####.       1%          1    None
b - Stone Arrow           Conj/Erth      ####..       1%          3    ##.....
c - Lee's Rapid Deconstr  Erth           #####.....   8%          5    #####..

Your spell library contained the following spells:

 Spells                   Type           Power        Failure   Level  Hunger
 Sting                    Conj/Pois      ###.         2%          1    None
 Passwall                 Tmut/Erth      ###.....     2%          2    None
 Petrify                  Tmut/Erth      ###.....     16%         4    ####...


Dungeon Overview and Level Annotations

Branches:
Dungeon (9/15)             Temple (1/1) D:7
   Lair: D:8-11         Orc: D:9-12

Altars:
Ashenzari
Cheibriados
Dithmenos
Elyvilon
Fedhas
Gozag
Hepliaklqana
Kikubaaqudgha
Makhleb
Nemelex Xobeh
Okawaru
Qazlal
Ru
Sif Muna
Trog
Uskayaw
Vehumet
Wu Jian
Xom
Yredelemnul
Zin
The Shining One

Shops:
D:6 *

Annotations:
D:5 2 transporters
D:9 Harold


Innate Abilities, Weirdness & Mutations

You are resistant to torment.
Your stone body is resilient. (AC +7)
You are immune to poison.
You resist negative energy. (rN+)
You are resistant to electric shocks. (rElec)
You can survive without breathing.
You are immune to petrification.
You are immune to rotting.


Message History

Harold is lightly wounded.
Harold hits you but does no damage.
You feel yourself speed up. Harold barely misses you.
You sock Harold!
Harold is moderately wounded.
You barely miss Harold.
Harold is moderately wounded.
Harold completely misses you.
You hit Harold.
Harold is moderately wounded.
Harold hits you with a +0 glaive.
* * * LOW HITPOINT WARNING * * *
You hit Harold.
Harold is moderately wounded.
You thump Harold!
Harold is heavily wounded.
Harold zaps a wand.
The bolt of acid hits you!
* * * LOW HITPOINT WARNING * * *
You are splashed with acid!
The acid burns!
You die...

#...........####.
#.............†..
######+######'########
#.....................
#.....................
#....<................
#.....................
#.....................
###.@@####.....###....
#...####.....###....
#...................
+.................
#.................
#................
#.....##..@..###
#.....##..(..###...
............(.@.@...


You could see Harold.

Vanquished Creatures
  A two-headed ogre (D:8)
  The ghost of hemabe the Charlatan, a novice HuAr (D:4)
  2 orc warriors
  2 sky beasts
  A black bear (D:7)
  2 ice beasts
  A necrophage (D:8)
  5 centaurs
  A phantom (D:6)
  4 ogres
  6 bullfrogs
  A gnoll sergeant (D:7)
  2 scorpions
  9 killer bees
  5 wights (D:8)
  A howler monkey (D:8)
  A crimson imp (D:4)
  A hound (D:6)
  4 orc wizards
  6 orc priests
  Crazy Yiuf (D:4)
  2 jellies
  2 iguanas
  4 worker ants
  2 hound zombies
  3 worker ant zombies
  A howler monkey zombie (D:8)
  14 adders
  8 gnolls
  A shadow imp (D:7)
  3 adder zombies
  3 adder skeletons
  7 worms
  6 leopard geckos
  19 orcs
  A ball python (D:3)
  6 giant cockroaches
  10 goblins
  8 hobgoblins
  6 jackals
  8 kobolds
  A quokka (D:3)
  A ball python skeleton (D:5)
  7 bats
  5 frilled lizards
  A leopard gecko skeleton (D:6)
  A leopard gecko zombie (D:4)
  6 rats
193 creatures vanquished.

Notes
Turn   | Place    | Note
-------+----------+-------------------------------------------
     0 | D:1      | Zaazir the Gargoyle Earth Elementalist began the quest for
                  | the Orb.
     0 | D:1      | Reached XP level 1. HP: 10/10 MP: 3/3
   126 | D:1      | Reached XP level 2. HP: 10/15 MP: 5/5
   237 | D:1      | Reached skill level 4 in Earth Magic
   861 | D:2      | Reached XP level 3. HP: 19/19 MP: 6/6
   866 | D:2      | Learned a level 3 spell: Stone Arrow
  1291 | D:2      | Reached skill level 1 in Conjurations
  1736 | D:3      | Found an iron altar of Okawaru.
  1743 | D:3      | Reached XP level 4. HP: 23/24 MP: 8/8
  1909 | D:3      | Found a glowing silver altar of Zin.
  2402 | D:3      | Reached skill level 5 in Earth Magic
  2402 | D:3      | Reached XP level 5. HP: 24/28 MP: 6/10
  2929 | D:4      | Learned a level 5 spell: Lee's Rapid Deconstruction
  3132 | D:4      | Noticed an ogre
  3141 | D:4      | Killed an ogre
  3141 | D:4      | Reached XP level 6. HP: 32/32 MP: 4/11
  3439 | D:4      | Found a glowing golden altar of the Shining One.
  3523 | D:4      | Found a runed gate.
  3523 | D:4      | Found a runed gate.
  3524 | D:4      | Found a runed gate.
  3532 | D:4      | Noticed hemabe's ghost (novice HuAr)
  3914 | D:4      | Found a runed door.
  3918 | D:4      | Noticed Crazy Yiuf
  3922 | D:4      | Killed Crazy Yiuf
  4112 | D:4      | Found a basalt altar of Yredelemnul.
  4117 | D:4      | Noticed a profane servitor
  4127 | D:4      | Reached skill level 6 in Earth Magic
  4356 | D:4      | Noticed an angel
  4407 | D:4      | Killed hemabe's ghost
  4407 | D:4      | Reached XP level 7. HP: 4/36 MP: 9/14
  4742 | D:5      | Entered Level 5 of the Dungeon
  4900 | D:5      | Reached skill level 5 in Spellcasting
  4900 | D:5      | Reached skill level 7 in Earth Magic
  4910 | D:5      | Reached XP level 8. HP: 41/41 MP: 5/15
  4911 | D:5      | Reached skill level 5 in Conjurations
  5237 | D:5      | Found a transporter.
  5524 | D:5      | Found a transporter.
  5860 | D:6      | Reached skill level 1 in Maces & Flails
  5937 | D:6      | Reached skill level 1 in Fighting
  5937 | D:6      | Reached skill level 1 in Armour
  5937 | D:6      | Reached skill level 1 in Evocations
  6212 | D:6      | Found Zoyxia's General Store.
  6223 | D:6      | Reached XP level 9. HP: 48/48 MP: 17/17
  6312 | D:6      | Got a twitching copper ring
  6315 | D:6      | Identified the ring "Guosug" {rElec rF- rN++ Dex+6 Slay+5}
                  | (You found it on level 6 of the Dungeon)
  6356 | D:6      | Found a shadowy altar of Dithmenos.
  6357 | D:6      | Found a snail-covered altar of Cheibriados.
  6364 | D:6      | Reached skill level 8 in Earth Magic
  6371 | D:6      | Found an opulent altar of Gozag.
  6371 | D:6      | Found an ancient bone altar of Kikubaaqudgha.
  6372 | D:6      | Found a stormy altar of Qazlal.
  6372 | D:6      | Found a sacrificial altar of Ru.
  6375 | D:6      | Found a shimmering altar of Xom.
  6376 | D:6      | Found a burning altar of Makhleb.
  6520 | D:7      | Found a blossoming altar of Fedhas.
  6981 | D:7      | Found a staircase to the Ecumenical Temple.
  6997 | Temple   | Entered the Ecumenical Temple
  7037 | Temple   | Became a worshipper of Vehumet
  7242 | D:7      | Found a sparkling altar of Nemelex Xobeh.
  7668 | D:8      | Noticed a two-headed ogre
  7679 | D:8      | Killed a two-headed ogre
  7679 | D:8      | Reached XP level 10. HP: 30/56 MP: 14/19
  8252 | D:9      | Reached * piety under Vehumet
  8252 | D:9      | Offered knowledge of Sting by Vehumet.
  8481 | D:9      | Reached skill level 9 in Earth Magic
  8521 | D:9      | Noticed Harold
  8673 | D:9      | Splashed by Harold's acid

Vault maps used:
D:1:      wheals_arrival_linesprint
D:2:      first_ration, serial_forest, infiniplex_forest_clump_cross,
          infiniplex_forest_lined_corner, infiniplex_forest_straight_3,
          infiniplex_forest_clump_double, infiniplex_forest_clump_double
D:3:      nicolae_overflow_hidden_temple, okawaru_metal_pillars_1_2
D:4:      grunt_temple_overflow_holy_war, gammafunk_ghost_necromancy,
          uniq_crazy_yiuf_cottage
D:5:      gammafunk_cloud_chamber
D:6:      cheibrodos_quashed, minitemple, serial_shops, shop
D:7:      lemuel_doored_altar, minmay_temple_entry_glassed_door,
          fedhas_ov_isle_minmay
D:9:      uniq_harold
Temple:   kb_temple_of_zot

Skill      XL: |  1  2  3  4  5  6  7  8  9 10 |
---------------+-------------------------------+-----
Earth Magic    | 4 5 6 7 8 9 |  9.0
Conjurations   | 1 2 3 4 5 6 7 |  7.0
Spellcasting   | 3 4 5 6 |  6.5
Maces & Flails | 2 3 4 |  4.0
Fighting       | 2 3 4 |  4.3
Armour         | 2 4 |  4.3
Evocations     | 1 3 |  3.5
Dodging        | 2 3 |  3.7
Stealth        | |  2.1
Transmutations | |  0.7

Action                   |  1- 3 |  4- 6 |  7- 9 | 10-12 || total
-------------------------+-------+-------+-------+-------++-------
Melee: Dagger            |    80 |   123 |    36 |       ||   239
       Mace              |       |     5 |    19 |       ||    24
       Flail             |       |       |   260 |   106 ||   366
       Dire flail        |       |       |    13 |       ||    13
 Cast: Sandblast         |     7 |    31 |    27 |     4 ||    69
       Stone Arrow       |       |     3 |     1 |       ||     4
       Lee's Rapid Decon |       |       |     6 |     2 ||     8
Evoke: Wand              |       |       |     3 |     3 ||     6
  Use: Scroll            |       |    13 |     9 |     3 ||    25
       Potion            |       |     3 |     2 |     1 ||     6
 Stab: Sleeping          |     4 |     5 |     4 |       ||    13
       Distracted        |       |     1 |       |       ||     1
  Eat: Chunk             |     2 |     8 |     9 |     5 ||    24
       Ration            |       |       |     1 |     1 ||     2
Armor: Robe              |    32 |    42 |   217 |    77 ||   368
Dodge: Dodged            |    33 |    87 |   277 |   118 ||   515

Table legend:
 A = Non-vault XP
 B = Vault XP
 C = Vault XP percentage of total XP
 D = Non-vault monster count
 E = Vault monster count
 F = Vault count percentage of total count
                 A         B        C        D         E       F
            +---------+---------+-------+---------+---------+-------
      Total |    6140 |     480 |   7.3 |     187 |       6 |   3.1
            +---------+---------+-------+---------+---------+-------
        D:1 |      32 |       0 |   0.0 |      19 |       0 |   0.0
        D:2 |      46 |       0 |   0.0 |      15 |       0 |   0.0
        D:3 |     165 |       0 |   0.0 |      35 |       0 |   0.0
        D:4 |     271 |     480 |  63.9 |      11 |       6 |  35.3
        D:5 |     446 |       0 |   0.0 |      18 |       0 |   0.0
        D:6 |    1141 |       0 |   0.0 |      25 |       0 |   0.0
        D:7 |    1257 |       0 |   0.0 |      25 |       0 |   0.0
        D:8 |    2051 |       0 |   0.0 |      25 |       0 |   0.0
        D:9 |     731 |       0 |   0.0 |      14 |       0 |   0.0
            +---------+---------+-------+---------+---------+-------
